TOP OF THE 1ST |
Tuscaloosa Trout Slayers batting - Pitching for Portland Privateers : RHP Blaine Yarbrough
|
Pitching: RHP Blaine Yarbrough
|
|
Batting: RHB Lawrence Yates
|
0-0: Ball 1-0: Ball 2-0: Ball 3-0: Base on Balls
|
Batting: RHB Mitch Thomas
|
0-0: Called Strike 0-1: Swinging Strike 0-2: Ball 1-2: Ball 2-2: Foul Ball, location: 2F 2-2: Ground out 4-3 (Groundball, 4M) Lawrence Yates to second
|
Batting: LHB Albert Morgan
|
0-0: Called Strike 0-1: Called Strike 0-2: Ball 1-2: Ground out 4-3 (Groundball, 4M) Lawrence Yates to third
|
Batting: LHB Ricardo Berroa
|
0-0: Called Strike 0-1: Ball 1-1: Foul Ball, location: 2F 1-2: Strikes out swinging
|
Top of the 1st over - 0 run(s), 0 hit(s), 0 error(s), 1 left on base; Tuscaloosa 0 - Portland 0 |
BOTTOM OF THE 1ST |
Portland Privateers batting - Pitching for Tuscaloosa Trout Slayers : LHP Bill Moore
|
Pitching: LHP Bill Moore
|
|
Batting: RHB Luis Pineda
|
0-0: Called Strike 0-1: Ground out U3 (Groundball, 3)
|
Batting: SHB Bobby Cox
|
0-0: Ball 1-0: Called Strike 1-1: Fly out, F6 (Popup, 56)
|
Batting: LHB Juan Acotia
|
0-0: Swinging Strike 0-1: Foul Ball, location: 2F 0-2: Ball 1-2: Ball 2-2: Strikes out looking
|
Bottom of the 1st over - 0 run(s), 0 hit(s), 0 error(s), 0 left on base; Tuscaloosa 0 - Portland 0 |
TOP OF THE 2ND |
Tuscaloosa Trout Slayers batting - Pitching for Portland Privateers : RHP Blaine Yarbrough
|
Batting: RHB Pedro Rodríguez
|
0-0: Ball 1-0: Ball 2-0: Swinging Strike 2-1: Ball 3-1: Base on Balls
|
Batting: RHB Jason Saunders
|
0-0: Swinging Strike 0-1: Ball 1-1: Called Strike 1-2: Strikes out swinging
|
Batting: LHB Miguel Rosa
|
0-0: SINGLE (Groundball, 4) Pedro Rodríguez to second Runner from 2nd tries for 3rd, SAFE, throw made to third
|
Batting: RHB Alberto Pérez
|
0-0: Called Strike 0-1: Foul Ball, location: 2F 0-2: Ball 1-2: Foul Ball, location: 2F 1-2: Foul Ball, location: 2F 1-2: Strikes out looking
|
Batting: RHB Jason Erickson
|
0-0: Ball 1-0: SINGLE (Groundball, 56D) (infield hit) Pedro Rodríguez scores Miguel Rosa to second
|
Batting: RHB Lawrence Yates
|
0-0: Foul Ball, location: 2F 0-1: Ball 1-1: Ball 2-1: Ball 3-1: Base on Balls Miguel Rosa to third Jason Erickson to second
|
Batting: RHB Mitch Thomas
|
0-0: Ball 1-0: Foul Ball, location: 2F 1-1: Ball 2-1: Fly out, F4 (Line Drive, 4)
|
Top of the 2nd over - 1 run(s), 2 hit(s), 0 error(s), 3 left on base; Tuscaloosa 1 - Portland 0 |
BOTTOM OF THE 2ND |
Portland Privateers batting - Pitching for Tuscaloosa Trout Slayers : LHP Bill Moore
|
Batting: SHB Patrick Larson
|
0-0: Ball 1-0: Ground out 5-3 (Groundball, 56)
|
Batting: RHB Troy Lau
|
0-0: Ball 1-0: Foul Ball, location: 2F 1-1: Foul Ball, location: 2F 1-2: TRIPLE (Line Drive, 9LS)
|
Batting: LHB Jerry Douglas
|
0-0: Ball 1-0: SINGLE (Line Drive, 89S) Troy Lau scores
|
Batting: LHB Jacob Wright
|
0-0: Called Strike 0-1: Ball 1-1: Ball 2-1: Swinging Strike 2-2: Ball 3-2: Strikes out swinging
|
Batting: LHB Jeff Dorney
|
0-0: Reached on error, E4 (Groundball, 4) Jerry Douglas to third
|
Batting: RHB Carlos Castro
|
0-0: Fly out, F9 (Flyball, 9LS)
|
Bottom of the 2nd over - 1 run(s), 2 hit(s), 1 error(s), 2 left on base; Tuscaloosa 1 - Portland 1 |
TOP OF THE 3RD |
Tuscaloosa Trout Slayers batting - Pitching for Portland Privateers : RHP Blaine Yarbrough
|
Batting: LHB Albert Morgan
|
0-0: DOUBLE (Line Drive, 89S)
|
Batting: LHB Ricardo Berroa
|
0-0: Swinging Strike 0-1: Foul Ball, location: 2F 0-2: Strikes out looking
|
Batting: RHB Pedro Rodríguez
|
0-0: Ball 1-0: Ball 2-0: Ball 3-0: Called Strike 3-1: Base on Balls
|
Batting: RHB Jason Saunders
|
0-0: Called Strike 0-1: Ball 1-1: Ball 2-1: Swinging Strike 2-2: Foul Ball, location: 2F 2-2: Ball 3-2: Foul Ball, location: 2F 3-2: SINGLE (Groundball, 6MD) Albert Morgan to third Pedro Rodríguez to second Runner from 3rd tries for Home, SAFE, no throw or cutoff
|
Batting: LHB Miguel Rosa
|
0-0: Called Strike 0-1: Ball 1-1: Grounds into double play, 4-6-3 (Groundball, 4)
|
Top of the 3rd over - 1 run(s), 2 hit(s), 0 error(s), 1 left on base; Tuscaloosa 2 - Portland 1 |
BOTTOM OF THE 3RD |
Portland Privateers batting - Pitching for Tuscaloosa Trout Slayers : LHP Bill Moore
|
Batting: RHB Luis Pineda
|
0-0: Ball 1-0: Swinging Strike 1-1: Swinging Strike 1-2: Ball 2-2: Strikes out swinging
|
Batting: SHB Bobby Cox
|
0-0: Ball 1-0: Called Strike 1-1: Foul Ball, location: 2F 1-2: Strikes out looking
|
Batting: LHB Juan Acotia
|
0-0: Ball 1-0: Ball 2-0: DOUBLE (Flyball, 9D)
|
Batting: SHB Patrick Larson
|
0-0: Called Strike 0-1: Foul Ball, location: 2F 0-2: SINGLE (Line Drive, 56) Juan Acotia to third Runner from 3rd tries for Home, SAFE, no throw or cutoff
|
Batting: RHB Troy Lau
|
0-0: Called Strike 0-1: Ball 1-1: Ball 2-1: Called Strike 2-2: Strikes out swinging
|
Bottom of the 3rd over - 1 run(s), 2 hit(s), 0 error(s), 1 left on base; Tuscaloosa 2 - Portland 2 |
TOP OF THE 4TH |
Tuscaloosa Trout Slayers batting - Pitching for Portland Privateers : RHP Blaine Yarbrough
|
Batting: RHB Alberto Pérez
|
0-0: SINGLE (Line Drive, 89M)
|
Batting: RHB Jason Erickson
|
0-0: Ball 1-0: SINGLE (Line Drive, 8LS) Alberto Pérez to second Runner from 2nd tries for 3rd, SAFE, throw made to third
|
Batting: RHB Lawrence Yates
|
0-0: Foul Ball, location: 2F 0-1: Foul Ball, location: 2F 0-2: Ball 1-2: Strikes out swinging
|
Batting: RHB Mitch Thomas
|
0-0: Ball 1-0: Ball 2-0: Called Strike 2-1: Fly out, F7 (Flyball, 7D) Runner from 3rd tags up, SCORES, no throw
|
Batting: LHB Albert Morgan
|
0-0: Called Strike Throwing error on steal attempt, E2 Jason Erickson to third 0-1: SINGLE (Groundball, 4M) Jason Erickson scores
|
Batting: LHB Ricardo Berroa
|
0-0: Ball 1-0: Ball 2-0: Called Strike 2-1: SINGLE (Groundball, 25) (infield hit) Albert Morgan to second
|
Batting: RHB Pedro Rodríguez
|
0-0: Ball 1-0: Ball 2-0: Ball 3-0: Called Strike 3-1: Foul Ball, location: 2F 3-2: Ground out 6-3 (Groundball, 6M)
|
Top of the 4th over - 2 run(s), 4 hit(s), 1 error(s), 2 left on base; Tuscaloosa 4 - Portland 2 |
BOTTOM OF THE 4TH |
Portland Privateers batting - Pitching for Tuscaloosa Trout Slayers : LHP Bill Moore
|
Batting: LHB Jerry Douglas
|
0-0: SINGLE (Groundball, 4MD)
|
Batting: LHB Jacob Wright
|
0-0: Called Strike 0-1: SINGLE (Groundball, 56D) Jerry Douglas to second
|
Batting: LHB Jeff Dorney
|
0-0: Swinging Strike 0-1: SINGLE (Line Drive, 6M) Jerry Douglas to third Jacob Wright to second
|
Batting: RHB Carlos Castro
|
0-0: Ball 1-0: Ball 2-0: Swinging Strike 2-1: Ball 3-1: Fly out, F8 (Flyball, 89M) Runner from 3rd tags up, SCORES, throw made
|
Batting: RHB Luis Pineda
|
0-0: Ball 1-0: Foul Ball, location: 2F 1-1: Ball 2-1: Foul Ball, location: 2F 2-2: Ball 3-2: Fly out, F8 (Flyball, 8RM)
|
Batting: SHB Bobby Cox
|
0-0: Foul Ball, location: 2F 0-1: Called Strike 0-2: Ground out U3 (Groundball, 3S)
|
Bottom of the 4th over - 1 run(s), 3 hit(s), 0 error(s), 2 left on base; Tuscaloosa 4 - Portland 3 |
TOP OF THE 5TH |
Tuscaloosa Trout Slayers batting - Pitching for Portland Privateers : RHP Blaine Yarbrough
|
Batting: RHB Jason Saunders
|
0-0: Called Strike 0-1: Ball 1-1: Fly out, F8 (Flyball, 8RM)
|
Batting: LHB Miguel Rosa
|
0-0: Ball 1-0: Ball 2-0: SOLO HOME RUN (Flyball, 7LD), Distance : 330 ft
|
Batting: RHB Alberto Pérez
|
0-0: Called Strike 0-1: Swinging Strike 0-2: Ball 1-2: Ball 2-2: Ball 3-2: Strikes out swinging
|
Batting: RHB Jason Erickson
|
0-0: Fly out, F7 (Flyball, 78M)
|
Top of the 5th over - 1 run(s), 1 hit(s), 0 error(s), 0 left on base; Tuscaloosa 5 - Portland 3 |
BOTTOM OF THE 5TH |
Portland Privateers batting - Pitching for Tuscaloosa Trout Slayers : LHP Bill Moore
|
Batting: LHB Juan Acotia
|
0-0: Foul Ball, location: 2F 0-1: Ball 1-1: Ball 2-1: SINGLE (Line Drive, 9S)
|
Batting: SHB Patrick Larson
|
0-0: Ball 1-0: Fly out, F9 (Flyball, 89M)
|
Batting: RHB Troy Lau
|
0-0: Called Strike 0-1: Ball 1-1: Ball 2-1: Swinging Strike 2-2: Ground out 3-1 (Groundball, 34) Juan Acotia to second
|
Batting: LHB Jerry Douglas
|
0-0: Ball 1-0: Foul Ball, location: 2F 1-1: Ground out U3 (Groundball, 3)
|
Bottom of the 5th over - 0 run(s), 1 hit(s), 0 error(s), 1 left on base; Tuscaloosa 5 - Portland 3 |
TOP OF THE 6TH |
Tuscaloosa Trout Slayers batting - Pitching for Portland Privateers : RHP Blaine Yarbrough
|
Pitching: RHP Héctor Negrón
|
|
Batting: RHB Lawrence Yates
|
0-0: Ball 1-0: Foul Ball, location: 2F 1-1: Ball 2-1: Fly out, F7 (Flyball, 78M)
|
Batting: RHB Mitch Thomas
|
0-0: Swinging Strike 0-1: Ball 1-1: Swinging Strike 1-2: Strikes out swinging
|
Batting: LHB Albert Morgan
|
0-0: Called Strike 0-1: Ball 1-1: Foul Ball, location: 2F 1-2: Ball 2-2: Fly out, F6 (Popup, 6D)
|
Top of the 6th over - 0 run(s), 0 hit(s), 0 error(s), 0 left on base; Tuscaloosa 5 - Portland 3 |
BOTTOM OF THE 6TH |
Portland Privateers batting - Pitching for Tuscaloosa Trout Slayers : LHP Bill Moore
|
Batting: LHB Jacob Wright
|
0-0: Ball 1-0: Foul Ball, location: 2F 1-1: Ball 2-1: Called Strike 2-2: Ball 3-2: DOUBLE (Flyball, 89XD) - OUT at third base trying to stretch hit.
|
Batting: LHB Jeff Dorney
|
0-0: Ball 1-0: Called Strike 1-1: Called Strike 1-2: Ball 2-2: Foul Ball, location: 2F 2-2: Foul Ball, location: 2F 2-2: Foul Ball, location: 2F 2-2: SINGLE (Groundball, 4MD)
|
Batting: RHB Carlos Castro
|
0-0: Foul Ball, location: 2F 0-1: Ball 1-1: Grounds into double play, U4-3 (Groundball, 4)
|
Bottom of the 6th over - 0 run(s), 2 hit(s), 0 error(s), 0 left on base; Tuscaloosa 5 - Portland 3 |
TOP OF THE 7TH |
Tuscaloosa Trout Slayers batting - Pitching for Portland Privateers : RHP Héctor Negrón
|
Batting: LHB Ricardo Berroa
|
0-0: Foul Ball, location: 2F 0-1: Ball 1-1: Foul Ball, location: 2F 1-2: DOUBLE (Line Drive, 3L)
|
Batting: RHB Pedro Rodríguez
|
0-0: Intentional Walk
|
Pinch Hitting: RHB Ryan McBride
|
0-0: Ball 1-0: Ball 2-0: Called Strike 2-1: Called Strike 2-2: Ball 3-2: Foul Ball, location: 2F 3-2: DOUBLE (Line Drive, 89S) Ricardo Berroa scores Pedro Rodríguez to third
|
Batting: LHB Miguel Rosa
|
0-0: Intentional Walk
|
Pinch Hitting: LHB Marcos Villarreal
|
0-0: Fly out, F7 (Flyball, 7LMF) Runner from 3rd tags up, SCORES, throw made
|
Pitching: RHP Nathan Thornton
|
|
Batting: RHB Jason Erickson
|
0-0: Ball 1-0: Called Strike 1-1: Ball 2-1: SINGLE (Line Drive, 34D) Ryan McBride to third Miguel Rosa to second Runner from 3rd tries for Home, SAFE, no throw or cutoff
|
Batting: RHB Lawrence Yates
|
0-0: Foul Ball, location: 2F 0-1: 3-RUN HOME RUN (Flyball, 7LD), Distance : 345 ft
|
Batting: RHB Mitch Thomas
|
0-0: Fly out, F8 (Flyball, 78D)
|
Batting: LHB Albert Morgan
|
0-0: Ball 1-0: SINGLE (Groundball, 34D)
|
Batting: LHB Ricardo Berroa
|
0-0: Called Strike 0-1: SINGLE (Line Drive, 56) Albert Morgan to second
|
Batting: RHB Pedro Rodríguez
|
0-0: Ball 1-0: Ball 2-0: Foul Ball, location: 2F 2-1: Called Strike 2-2: Ball 3-2: Strikes out looking
|
Top of the 7th over - 6 run(s), 6 hit(s), 0 error(s), 2 left on base; Tuscaloosa 11 - Portland 3 |
BOTTOM OF THE 7TH |
Portland Privateers batting - Pitching for Tuscaloosa Trout Slayers : LHP Bill Moore
|
Pitching: RHP Alfonso Martínez
|
|
Now at 2B: Wilford Lush
|
|
Now at 3B: Shigemasa Ishida
|
|
Batting: RHB Luis Pineda
|
0-0: Ball 1-0: Ball 2-0: Fly out, F3 (Popup, 3)
|
Batting: SHB Bobby Cox
|
0-0: Foul Ball, location: 2F 0-1: Ball 1-1: Ball 2-1: Foul Ball, location: 2F 2-2: Ball 3-2: Foul Ball, location: 2F 3-2: Fly out, F7 (Popup, 56D)
|
Batting: LHB Juan Acotia
|
0-0: Ground out 1-3 (Groundball, 13S)
|
Bottom of the 7th over - 0 run(s), 0 hit(s), 0 error(s), 0 left on base; Tuscaloosa 11 - Portland 3 |
TOP OF THE 8TH |
Tuscaloosa Trout Slayers batting - Pitching for Portland Privateers : RHP Nathan Thornton
|
Batting: LHB Wilford Lush
|
0-0: Called Strike 0-1: Ball 1-1: Swinging Strike 1-2: Strikes out looking
|
Batting: LHB Miguel Rosa
|
0-0: Foul Ball, location: 2F 0-1: Ball 1-1: Called Strike 1-2: Foul Ball, location: 2F 1-2: Foul Ball, location: 2F 1-2: Foul Ball, location: 2F 1-2: Fly out, F7 (Flyball, 8LS)
|
Batting: RHB Shigemasa Ishida
|
0-0: Called Strike 0-1: Foul Ball, location: 2F 0-2: Ball 1-2: Strikes out swinging
|
Top of the 8th over - 0 run(s), 0 hit(s), 0 error(s), 0 left on base; Tuscaloosa 11 - Portland 3 |
BOTTOM OF THE 8TH |
Portland Privateers batting - Pitching for Tuscaloosa Trout Slayers : RHP Alfonso Martínez
|
Batting: SHB Patrick Larson
|
0-0: Foul Ball, location: 2F 0-1: Ball 1-1: Ball 2-1: Ground out 4-3 (Groundball, 4M)
|
Batting: RHB Troy Lau
|
0-0: Ball 1-0: Ball 2-0: Called Strike 2-1: Ground out 4-3 (Groundball, 4)
|
Batting: LHB Jerry Douglas
|
0-0: Called Strike 0-1: DOUBLE (Flyball, 9LM)
|
Batting: LHB Jacob Wright
|
0-0: Foul Ball, location: 2F 0-1: Ball 1-1: Foul Ball, location: 2F 1-2: Foul Ball, location: 2F 1-2: Foul Ball, location: 2F 1-2: Ball 2-2: Ball 3-2: SINGLE (Line Drive, 9S) Jerry Douglas to third Jerry Douglas scores
|
Batting: LHB Jeff Dorney
|
0-0: Ball 1-0: Called Strike 1-1: Ball 2-1: Fly out, F8 (Flyball, 8RXD)
|
Bottom of the 8th over - 1 run(s), 2 hit(s), 0 error(s), 1 left on base; Tuscaloosa 11 - Portland 4 |
TOP OF THE 9TH |
Tuscaloosa Trout Slayers batting - Pitching for Portland Privateers : RHP Nathan Thornton
|
Batting: RHB Jason Erickson
|
0-0: Called Strike 0-1: SINGLE (Groundball, 25) (infield hit)
|
Batting: RHB Lawrence Yates
|
0-0: Sac Bunt - play at first, batter safe! Jason Erickson to second
|
Batting: RHB Mitch Thomas
|
0-0: Ball 1-0: Fly out, F3 (Line Drive, 34) 1-0: Lined into DP, U3 (Line Drive, 34)
|
Batting: LHB Albert Morgan
|
0-0: Ball 1-0: Fly out, F7 (Flyball, 7D)
|
Top of the 9th over - 0 run(s), 2 hit(s), 0 error(s), 1 left on base; Tuscaloosa 11 - Portland 4 |
BOTTOM OF THE 9TH |
Portland Privateers batting - Pitching for Tuscaloosa Trout Slayers : RHP Alfonso Martínez
|
Pitching: LHP Luis López
|
|
Batting: RHB Carlos Castro
|
0-0: Ball 1-0: Called Strike 1-1: Ball 2-1: Ball 3-1: Base on Balls
|
Batting: RHB Luis Pineda
|
0-0: Foul Ball, location: 2F 0-1: Ball 1-1: Swinging Strike 1-2: Foul Ball, location: 2F 1-2: Foul Ball, location: 2F 1-2: Ball 2-2: Grounds into double play, U6-3 (Groundball, 6)
|
Batting: SHB Bobby Cox
|
0-0: Called Strike 0-1: Foul Ball, location: 2F 0-2: Ball 1-2: Ball 2-2: Ground out 6-3 (Groundball, 6MD)
|
Bottom of the 9th over - 0 run(s), 0 hit(s), 0 error(s), 0 left on base; Tuscaloosa 11 - Portland 4 |
|